 Dungeon Crawl Stone Soup version 0.22-a0-455-ga0624bf (webtiles) character file.

10 KristoblXynda the Slasher (level 2, 0/39 HPs)
             Began as a Naga Gladiator on June 5, 2018.
             Slain by an adder (2 damage)
             ... on level 2 of the Dungeon.
             The game lasted 00:01:29 (934 turns).

KristoblXynda the Slasher (Naga Gladiator)           Turns: 934, Time: 00:01:30

Health: 0/39       AC: 21    Str: 14 (16) XL:     2   Next: 20%
Magic:  2/2        EV:  1    Int: 12 (13) God:
Gold:   50         SH:  0    Dex: 10 (12) Spells: 1/1 levels left

rFire    . . .     SeeInvis +   a - +0 long sword
rCold    . . .     Gourm    .   (no shield)
rNeg     + + +     Faith    .   (armour currently unavailable)
rPois    +         Spirit   .   (helmet currently unavailable)
rElec    .         Reflect  .   (cloak currently unavailable)
rCorr    .         Harm     .   (gloves currently unavailable)
MR       .....     NoTele   +   (no barding)
Stlth    ++........             (no amulet)
HPRegen  0.13/turn              j - ring of stealth
MPRegen  0.08/turn              (no ring)

@: brilliant, lethally poisoned (0 -> -2), tree-form
A: large, see invisible, slow metabolism 1, spit poison 1, AC +0
a: Spit Poison


You were on level 2 of the Dungeon.
You were not hungry.
You were a tree.
You visited 1 branch of the dungeon, and saw 2 of its levels.

You collected 50 gold pieces.

Inventory:

Hand Weapons
 a - a +0 long sword (weapon)
Missiles
 d - 3 throwing nets (quivered)
Armour
 b - a +0 leather armour (melded)
 c - a +0 helmet (melded)
Jewellery
 j - a ring of stealth (left branch)
Scrolls
 e - a scroll of enchant armour {unknown}
 h - 5 scrolls of remove curse {unknown}
 k - 3 scrolls of identify {unknown}
Comestibles
 f - 2 rations


   Skills:
 - Level 2.0 Fighting
 * Level 3.3 Long Blades
 - Level 2.0 Throwing
 + Level 0.0 Armour
 + Level 2.5 Dodging


You had one spell level left.
You didn't know any spells.
Your spell library was empty.

Dungeon Overview and Level Annotations

Branches:
Dungeon (2/15)

Altars:


Innate Abilities, Weirdness & Mutations

You cannot wear boots.
((Your serpentine skin is tough. (AC +0)))
You have supernaturally acute eyesight. (SInv)
((Armour fits poorly on your strangely shaped body.))
((Your system is resistant to poisons. (rPois)))
((You cover ground very slowly.))
You have a slow metabolism.
You can spit poison.


Message History

It was a potion of brilliance.
You feel clever all of a sudden. The adder bites you.
* * * LOW HITPOINT WARNING * * *
The adder closely misses you.
It was a potion of degeneration.
There was something very wrong with that liquid.
You feel weakened.
You feel dopey.
You feel clumsy.
* * * LOW HITPOINT WARNING * * *
You feel sick. The adder misses you.
It was a potion of lignification.
You turn into a tree.
Your +0 helmet melds into your body.
Your +0 leather armour melds into your body.
Your roots penetrate the ground.
The adder bites you but does no damage.
You barely miss the adder.
The adder is almost dead.
You have got your breath back.
* * * LOW HITPOINT WARNING * * *
You feel sick. The adder bites you.
You die...

## .# #####+# #.#
....... #.# .......
#.# ......$ #.#####.
. #.....####.......
.#.
#.....♣.....######...
#..(.S###............
#..... #............
#..!.. #.........#
#...!. #.........+
#..... #.........#
#....$ #.........#
.###+# #.........#
#.........#


You could see an adder.

Vanquished Creatures
  A giant cockroach (D:1)
  2 goblins (D:1)
  3 hobgoblins (D:1)
  A kobold (D:2)
  A bat (D:1)
  A rat (D:1)
9 creatures vanquished.

Notes
Turn   | Place    | Note
-------+----------+-------------------------------------------
     0 | D:1      | KristoblXynda the Naga Gladiator began the quest for the Orb.
     0 | D:1      | Reached XP level 1. HP: 19/19 MP: 1/1
   759 | D:1      | Reached XP level 2. HP: 26/26 MP: 2/2
   934 | D:2      | Slain by an adder

Vault maps used:
D:1:      dpeg_arrival_shelter, moated_statue
D:2:      lemuel_crystal_altar, uniq_natasha

Skill      XL: |  1  2 |
---------------+-------+-----
Throwing       | 2 |  2.0
Fighting       | |  2.0
Long Blades    | |  3.3
Dodging        | |  2.5

Action                   || total
-------------------------++-------
Melee: Long sword        ||    37
 Abil: Spit Poison       ||     3
  Use: Potion            ||     3
 Stab: Sleeping          ||     2
Armor: Leather armour    ||    15
       Skin              ||     1
Dodge: Dodged            ||    20
       Rpst.: Long sword ||     9

Table legend:
 A = Spawn XP
 B = Non-spawn XP
 C = Spawn XP percentage of total XP
 D = Spawn monster count
 E = Non-spawn monster count
 F = Spawn count percentage of total count
 G = Total turns spent on level
                    A         B        C        D         E        F      G
               +---------+---------+-------+---------+---------+-------+---------
         Total |       0 |      15 |   0.0 |       0 |       9 |   0.0 |   934
               +---------+---------+-------+---------+---------+-------+---------
           D:1 |       0 |      13 |   0.0 |       0 |       8 |   0.0 |   889
           D:2 |       0 |       2 |   0.0 |       0 |       1 |   0.0 |    45
               +---------+---------+-------+---------+---------+-------+---------
